Cogmind - Beta 16 @@@ ROGUE MODE // 2026.01.14 @ 20:36:33 Player: BottomOfTheSwamp Result: Self-destructed Performance ------------- Evolutions (2) 1000 Regions Visited (6) 1200 Robots Destroyed (11) 55 Value Destroyed (175) 175 Prototype IDs (0) 0 Alien Tech Used (0) 0 Bonus (0) 0 TOTAL SCORE: 2430 Bonus ------- None Cogmind --------- Core Integrity 550/550 Matter 300/300 Energy 263/265 System Corruption 0% Temperature Cool (4) Movement Flying (26) Location -8/Materials Parts ------- > --- POWER (1) -------- Improved Ion Engine > --- PROPULSION (4) --- VTOL Module VTOL Module VTOL Module VTOL Module > --- UTILITY (4) ------ Small Storage Unit > --- WEAPON (2) ------- (None) > --- INVENTORY (8) ---- Light Armor Plating Tractor Beam Assault Rifle Assault Rifle High-powered Shotgun Grenade Launcher Peak State ------------ > --- POWER ------------ Improved Ion Engine > --- PROPULSION ------- VTOL Module VTOL Module VTOL Module VTOL Module > --- UTILITY ---------- Small Storage Unit > --- WEAPON ----------- Assault Rifle Assault Rifle > --- INVENTORY -------- Grenade Launcher [Rating: 13] Favorites ----------- Power Improved Ion Engine Engine Improved Ion Engine Propulsion VTOL Module Leg Aluminum Leg Flight Unit VTOL Module Utility Small Storage Unit Storage Small Storage Unit Weapon Assault Rifle Ballistic Gun Assault Rifle Launcher Grenade Launcher Build | -11 -10 -9 -9 -9 -8 -8 ------- Run | Yrd Mat Mat Min Exi Min Mat Slots Evolved 4 | . . 2 . . . 2 Power . | . . . . . . . Propulsion 2 | . . 2 . . . . Utility 2 | . . . . . . 2 Weapon . | . . . . . . . Parts Attached 13 | 6 1 6 . . . . Power 2 | 1 . 1 . . . . Engine 2 | 1 . 1 . . . . Core . | . . . . . . . Reactor . | . . . . . . . Propulsion 7 | 2 . 5 . . . . Treads . | . . . . . . . Leg 2 | 2 . . . . . . Wheel . | . . . . . . . Hover . | . . . . . . . Flight 5 | . . 5 . . . . Utility 1 | 1 . . . . . . Device . | . . . . . . . Storage 1 | 1 . . . . . . Processor . | . . . . . . . Hackware . | . . . . . . . Protection . | . . . . . . . Artifact . | . . . . . . . Weapon 3 | 2 1 . . . . . Energy Gun . | . . . . . . . Energy Cannon . | . . . . . . . Ballistic Gun 2 | 2 . . . . . . Ballistic Cannon . | . . . . . . . Launcher 1 | . 1 . . . . . Special Weapon . | . . . . . . . Impact Weapon . | . . . . . . . Slashing Weapon . | . . . . . . . Piercing Weapon . | . . . . . . . Special Melee Weapon . | . . . . . . . Unidentified Prototypes . | . . . . . . . Parts Lost 1 | . . 1 . . . . Power . | . . . . . . . Propulsion 1 | . . 1 . . . . Utility . | . . . . . . . Weapon . | . . . . . . . Highest Loss Streak 1 | . . 1 . . . . To Critical Strikes . | . . . . . . . Average Backups 3 | 1 3 2 4 4 4 5 Power . | . . . . . . . Propulsion . | . 2 . . . . . Utility . | . . . 1 1 1 2 Weapon 1 | . . 1 3 3 3 3 Tool/Special . | . . . . . . . Unused Backups 2 | . . . . . . 2 Power . | . . . . . . . Propulsion . | . . . . . . . Utility 2 | . . . . . . 2 Weapon . | . . . . . . . Tool/Special . | . . . . . . . Average Slot Usage (%) 74 | . 85 74 66 66 66 54 Engine 11 | . 14 11 11 11 11 9 Leg 9 | . 28 . . . . . Flight 27 | . . 38 44 44 44 36 Storage 11 | . 14 11 11 11 11 9 Ballistic Gun 9 | . 19 8 . . . . Launcher 4 | . 8 5 . . . . Peak Build Rating 13 | 6 6 13 11 11 11 11 Average Rating 9 | 3 6 11 11 11 11 11 On Entrance 8 | . 6 6 11 11 11 11 Avg Prop Armor Cover (%) . | . . . . . . . Naked Turns . | . . . . . . . Heaviest Build 17 | 14 15 17 12 12 12 12 Greatest Support 20 | 20 20 16 16 16 16 16 Greatest Overweight (x) 1 | . . 1 . . . . Average Overweight (x) . | . . . . . . . Largest Inventory Capacity 8 | 8 8 8 8 8 8 8 Average Capacity 7 | 6 8 8 8 8 8 8 Most Carried 6 | 5 5 5 4 4 5 6 Average Carried 3 | 1 3 2 4 4 4 5 Final Capacity 8 | 8 8 8 8 8 8 8 Final Carried 6 | . 5 4 4 4 5 6 Class Distribution -------------------- 61% | Sprinter 38% | Mutant Dominant Class ---------------- Mutant | -10/Materials Sprinter | -9/Materials Sprinter | -9/Mines Sprinter | -9/Exiles Sprinter | -8/Mines Sprinter | -8/Materials Resources | -11 -10 -9 -9 -9 -8 -8 ----------- Run | Yrd Mat Mat Min Exi Min Mat Matter Collected 479 | 202 35 169 73 . . . Remotely . | . . . . . . . Salvage Created 231 | . 35 196 . . . . Parts 13 | . 3 10 . . . . Haulers Intercepted 1 | . 1 . . . . . Recyclers Shooed . | . . . . . . . Parts Field Recycled . | . . . . . . . Retrieved Matter . | . . . . . . . Parts Self-Destructed . | . . . . . . . Prevented . | . . . . . . . Parts Restored . | . . . . . . . Kills | -11 -10 -9 -9 -9 -8 -8 ------- Run | Yrd Mat Mat Min Exi Min Mat Combat Hostiles Destroyed 7 | . . 7 . . . . Guns 2 | . . 2 . . . . AOE 5 | . . 5 . . . . Classes Destroyed 7 | . 3 4 . . . . Tunneler 1 | . 1 . . . . . Hauler 1 | . 1 . . . . . Recycler 1 | . . 1 . . . . Watcher 1 | . 1 . . . . . Swarmer 4 | . . 4 . . . . Grunt 2 | . . 2 . . . . Brawler 1 | . . 1 . . . . Best Kill Streak 4 | . 3 4 . . . . Combat Bots Only 4 | . . 4 . . . . Max Kills in Single Turn 3 | . 3 2 . . . . Gunslinging . | . . . . . . . Exploded 2 | . . 2 . . . . Melee . | . . . . . . . Uniques/NPCs Destroyed . | . . . . . . . Combat | -11 -10 -9 -9 -9 -8 -8 -------- Run | Yrd Mat Mat Min Exi Min Mat Hostile Shots Fired 51 | . . 35 . . 16 . Missed 30 | . . 18 . . 12 . Hits 21 | . . 17 . . 4 . Projectile 21 | . . 17 . . 4 . Damage Taken 250 | . . 176 . . 74 . Core 70 | . . 50 . . 20 . Absorbed by Shields . | . . . . . . . Core Remaining (%) 94 | 100 100 . . . 82 . Volleys Fired 12 | . 2 10 . . . . Largest 2 | . 1 2 . . . . Hottest 50 | . 30 50 . . . . Shots Fired 17 | . 2 15 . . . . Gun 8 | . . 8 . . . . Cannon . | . . . . . . . Launcher 9 | . 2 7 . . . . Special . | . . . . . . . Kinetic 8 | . . 8 . . . . Thermal . | . . . . . . . Explosive 9 | . 2 7 . . . . Electromagnetic . | . . . . . . . Robot Hit Streak 4 | . . 4 . . . . Robot Miss Streak 2 | . . 2 . . . . Penetration Max . | . . . . . . . Secondary Targets . | . . . . . . . Shots Hit Robots 8 | . . 8 . . . . Core Hits 14 | . 4 10 . . . . Critical Kills . | . . . . . . . Critical Parts Destroyed . | . . . . . . . Critical Strikes . | . . . . . . . Melee Attacks . | . . . . . . . Impact . | . . . . . . . Slashing . | . . . . . . . Piercing . | . . . . . . . Sneak Attacks . | . . . . . . . Combat Hostiles . | . . . . . . . Follow-up Attacks . | . . . . . . . Damage Inflicted 711 | . 149 562 . . . . Guns 81 | . . 81 . . . . Cannons . | . . . . . . . Explosions 630 | . 149 481 . . . . Melee . | . . . . . . . Ramming . | . . . . . . . Kinetic 81 | . . 81 . . . . Thermal . | . . . . . . . Explosive 630 | . 149 481 . . . . Electromagnetic . | . . . . . . . Impact . | . . . . . . . Slashing . | . . . . . . . Piercing . | . . . . . . . Highest Corruption . | . . . . . . . Average Corruption . | . . . . . . . Corruption Purged . | . . . . . . . Corruption Blocked . | . . . . . . . Overload Shots . | . . . . . . . Overflow Damage 24 | . 2 22 . . . . Projectiles . | . . . . . . . Explosions 24 | . 2 22 . . . . Melee . | . . . . . . . Knockbacks . | . . . . . . . Impact . | . . . . . . . Kinetic . | . . . . . . . Secondary . | . . . . . . . Self-Inflicted Damage 1 | . . 1 . . . . Shots 1 | . . 1 . . . . Rammed . | . . . . . . . Targets Rammed . | . . . . . . . Kicked . | . . . . . . . Crushed . | . . . . . . . Highest Temperature 16 | . . 7 . . 16 . Average Temperature 5 | . . 3 . . 7 . Received Heat Transfer 72 | . . 36 . . 36 . Siege Activations . | . . . . . . . Martial Activations . | . . . . . . . Shielding Activations . | . . . . . . . Robots Disrupted . | . . . . . . . Combat Hostiles . | . . . . . . . Robots Corrupted . | . . . . . . . Combat Hostiles . | . . . . . . . Parts Fried . | . . . . . . . Impact Corruptions . | . . . . . . . Robots Melted . | . . . . . . . Combat Hostiles . | . . . . . . . Parts Melted . | . . . . . . . Heat Transferred . | . . . . . . . Parts Sabotaged . | . . . . . . . Parts Stolen . | . . . . . . . Parts Stripped . | . . . . . . . Power Chain Reactions . | . . . . . . . Alert | -11 -10 -9 -9 -9 -8 -8 ------- Run | Yrd Mat Mat Min Exi Min Mat Maximum Alert Level . | . . . . . . . Low Security (%) 100 | 100 100 100 100 . 100 100 Level 1 . | . . . . . . . Level 2 . | . . . . . . . Level 3 . | . . . . . . . Level 4 . | . . . . . . . Level 5 . | . . . . . . . High Security . | . . . . . . . Max Security . | . . . . . . . Peak Influence 191 | . 20 191 74 . 115 44 Initial 74 | . . . 74 . . 44 Average 51 | . 1 106 66 . 51 44 Influence Increases 446 | . 20 291 . . 135 . Destroy 0b10 Robot/C 140 | . . 140 . . . . Destroy 0b10 Robot/NC 20 | . 15 5 . . . . Destroy Leader 24 | . 4 20 . . . . Successful Hack 8 | . . 8 . . . . Destroy Structure 29 | . 1 28 . . . . Partial Spotted 15 | . . 15 . . . . Lose Combat Pursuer 210 | . . 75 . . 135 . Influence Decreases 402 | . 20 100 137 54 20 71 Entered New Map 242 | . . . 117 54 . 71 Time Decay 150 | . 20 90 20 . 20 . Lost Part 10 | . . 10 . . . . Squads Dispatched 5 | . 1 4 . . . . Investigation 2 | . . 2 . . . . Extermination . | . . . . . . . Reinforcement 3 | . 1 2 . . . . Assault . | . . . . . . . Garrison . | . . . . . . . Intercept . | . . . . . . . Searches Triggered . | . . . . . . . Construction Impeded . | . . . . . . . Haulers Reinforced . | . . . . . . . Active Scanning Responses . | . . . . . . . Cargo Convoy Interrupts . | . . . . . . . Stealth | -11 -10 -9 -9 -9 -8 -8 --------- Run | Yrd Mat Mat Min Exi Min Mat Distress Signals 3 | . 3 . . . . . Communications Jammed . | . . . . . . . Distress Signals . | . . . . . . . Times Spotted 33 | . 1 20 . . 12 . Peak Tracking Total 9 | . 1 8 . . 9 . Tactical Retreats 5 | . . 3 . . 2 . Traps | -11 -10 -9 -9 -9 -8 -8 ------- Run | Yrd Mat Mat Min Exi Min Mat Traps Triggered 1 | . . 1 . . . . Indirectly . | . . . . . . . Trap Hack Attempts . | . . . . . . . Triggered . | . . . . . . . Disarmed . | . . . . . . . Reprogrammed . | . . . . . . . Reused . | . . . . . . . Traps Extracted . | . . . . . . . Installed . | . . . . . . . Triggered . | . . . . . . . Machines | -11 -10 -9 -9 -9 -8 -8 ---------- Run | Yrd Mat Mat Min Exi Min Mat Machines Disabled . | . . . . . . . Max in Single Turn . | . . . . . . . Machines Repaired . | . . . . . . . Machines Dismantled . | . . . . . . . Machines Sabotaged . | . . . . . . . Overloaded Fab Kills . | . . . . . . . Hacking | -11 -10 -9 -9 -9 -8 -8 --------- Run | Yrd Mat Mat Min Exi Min Mat Machines Accessed 6 | . 1 2 . 2 1 . Terminals 4 | . 1 2 . . 1 . Fabricators . | . . . . . . . Repair Stations . | . . . . . . . Recycling Units . | . . . . . . . Scanalyzers . | . . . . . . . Garrison Access . | . . . . . . . Total Hacks 9 | . 2 3 . 2 2 . Successful 6 | . 2 1 . 2 1 . Failed 3 | . . 2 . . 1 . Catastrophic 2 | . . 2 . . . . Database Lockouts . | . . . . . . . Manual 5 | . 1 3 . 1 . . Terminals 7 | . 2 3 . . 2 . Fabricators . | . . . . . . . Repair Stations . | . . . . . . . Recycling Units . | . . . . . . . Scanalyzers . | . . . . . . . Garrison Access . | . . . . . . . Terminal Hacks 6 | . 2 1 . 2 1 . Record 3 | . 1 . . 2 . . Branch Access Points 2 | . 1 1 . . . . Zone Layout 1 | . . . . . 1 . Fabricator Hacks . | . . . . . . . Repair Station Hacks . | . . . . . . . Recycling Unit Hacks . | . . . . . . . Scanalyzer . | . . . . . . . Garrison Access Hacks . | . . . . . . . Unauthorized Hacks . | . . . . . . . Terminals . | . . . . . . . Fabricators . | . . . . . . . Repair Stations . | . . . . . . . Recycling Units . | . . . . . . . Scanalyzers . | . . . . . . . Garrison Access . | . . . . . . . Data Cores Recovered . | . . . . . . . Used . | . . . . . . . Hacking Detections 3 | . 1 1 . . 1 . Full Trace Events 1 | . . 1 . . . . Feedback Events . | . . . . . . . Feedback Blocked . | . . . . . . . Robot Schematics Acquired . | . . . . . . . Robots Built . | . . . . . . . Authchips . | . . . . . . . Time . | . . . . . . . Total Robot Build Rating . | . . . . . . . Part Schematics Acquired . | . . . . . . . Parts Built . | . . . . . . . Authchips . | . . . . . . . Time . | . . . . . . . Total Part Build Rating . | . . . . . . . Part Studies Acquired . | . . . . . . . Parts Repaired . | . . . . . . . Time . | . . . . . . . Parts Recycled . | . . . . . . . Recycled Matter . | . . . . . . . Retrieved Matter . | . . . . . . . Retrieved Components . | . . . . . . . Parts Scanalyzed . | . . . . . . . Part Schematics Acquired . | . . . . . . . Parts Damaged . | . . . . . . . Bothacking | -11 -10 -9 -9 -9 -8 -8 ------------ Run | Yrd Mat Mat Min Exi Min Mat Used RIF Installer . | . . . . . . . Robots Hacked . | . . . . . . . Non-combat . | . . . . . . . Combat . | . . . . . . . Robot Hacks Applied . | . . . . . . . Relay Couplers Released . | . . . . . . . Fabnet Peak Effective % . | . . . . . . . Robots Rewired . | . . . . . . . Allies Hacked . | . . . . . . . Hacks Repelled . | . . . . . . . Allies | -11 -10 -9 -9 -9 -8 -8 -------- Run | Yrd Mat Mat Min Exi Min Mat Total Allies . | . . . . . . . Largest Group . | . . . . . . . Highest-Rated Group . | . . . . . . . Highest-Rated Ally . | . . . . . . . Total Orders . | . . . . . . . Ally Attacks . | . . . . . . . Total Damage . | . . . . . . . Kills . | . . . . . . . Allies Corrupted . | . . . . . . . Allies Melted . | . . . . . . . Intel | -11 -10 -9 -9 -9 -8 -8 ------- Run | Yrd Mat Mat Min Exi Min Mat Active Infowar (turns) . | . . . . . . . Robot Analysis Total . | . . . . . . . Derelict Logs Recovered 1 | . . . 1 . . . Drone Launches . | . . . . . . . Drone Recoveries . | . . . . . . . Exploration | -11 -10 -9 -9 -9 -8 -8 ------------- Run | Yrd Mat Mat Min Exi Min Mat Turns Passed 654 | 38 210 210 45 77 67 7 Spaces Moved 1334 | 30 165 399 172 296 251 21 Core 13 | 13 . . . . . . Treads . | . . . . . . . Legs 182 | 17 165 . . . . . Wheels . | . . . . . . . Hover . | . . . . . . . Flight 1139 | . . 399 172 296 251 21 Fastest Speed 26 | 50 120 26 26 26 26 26 Average Speed 39 | 89 120 27 26 26 26 26 Slowest Speed 120 | 120 120 109 26 26 26 26 Overloaded Moves . | . . . . . . . Propulsion Burnouts . | . . . . . . . Robots Hopped 8 | . . 5 . . 3 . Potential Cave-ins . | . . . . . . . Cave-ins Triggered . | . . . . . . . Exploration Rate (%) 30 | 3 35 39 36 45 52 2 Regions Visited 6 Branch Regions 3 Pre-discovered Areas . | . . . . . . . Known Exits Taken 2 | . . 1 . . 1 . Unknown Exits Taken 4 | 1 1 . 1 1 . . Scrap Searched 2 | . . . 1 . 1 . Spaces Dug . | . . . . . . . Terrain Destroyed 35 | . 1 34 . . . . Melee . | . . . . . . . Projectile . | . . . . . . . AOE 35 | . 1 34 . . . . Terrain Rammed . | . . . . . . . Walls Destroyed . | . . . . . . . Machines Disabled . | . . . . . . . Actions | -11 -10 -9 -9 -9 -8 -8 --------- Run | Yrd Mat Mat Min Exi Min Mat Total 1429 | 40 174 479 171 295 248 22 Wait 59 | . 2 57 . . . . Move 1314 | 29 164 389 171 295 245 21 Hop 6 | . . 4 . . 2 . Pick Up 15 | 5 5 3 . . 1 1 Fast Attach 1 | 1 . . . . . . Attach 12 | 5 . 7 . . . . Detach 3 | . . 3 . . . . Swap 4 | . 1 3 . . . . Drop 3 | . . 3 . . . . Fire 12 | . 2 10 . . . . Melee . | . . . . . . . Ram . | . . . . . . . Kick . | . . . . . . . Crush . | . . . . . . . Escape Stasis . | . . . . . . . Rewire . | . . . . . . . Trap . | . . . . . . . Miscellaneous . | . . . . . . . Route ------- -11/Scrapyard -10/Materials (discovered 3 exits: *Mat / *Min x2) -9/Materials (discovered 2 exits: *Min x2) -9/Mines (discovered 2 exits: Mat / *Exi) -9/Exiles -8/Mines -8/Materials History --------- Turn | Location | Event 6 | -11/Scrapyard | Discovered new exit (range 16) 39 | -11/Scrapyard | Entered Materials 40 | -10/Materials | Met a group of wandering Federalists 47 | -10/Materials | Identified exit to Mines 194 | -10/Materials | Discovered new exit (range 16) 249 | -10/Materials | Entered another Materials area 249 | -9/Materials | Evolved 2 slots: Propulsion x2 456 | -9/Materials | Discovered new exit (range 10) 457 | -9/Materials | Identified exit to Mines 459 | -9/Materials | Entered Mines 481 | -9/Mines | Found a damaged Exp. Sensor Array with a note attached 483 | -9/Mines | Identified exit to Materials 502 | -9/Mines | Deemed a non-threat by the Exiles lab entrance 502 | -9/Mines | Discovered new exit (range 5) 504 | -9/Mines | Entered Exiles 504 | -9/Exiles | Found Exiles lab destroyed 549 | -9/Exiles | Build established: Sprinter 578 | -9/Exiles | Discovered new exit (range 14) 581 | -9/Exiles | Entered Mines 641 | -8/Mines | Discovered exit to Materials (range 6) 648 | -8/Mines | Entered Materials 648 | -8/Materials | Evolved 2 slots: Utility x2 655 | -8/Materials | Self-destructed Last Messages --------------- 00590_ Found Med. Battery. 00590_ Found Particle Charger. 00590_ Found Lgt. Armor Plating. 00590_ Found 36 Matter. 00590_ Found 45 Matter. 00591_ Acquired Lgt. Armor Plating. 00616_ C-30 ARC bursts open, deploying its payload. 00616_ G-50 Soldier unfolds itself. 00616_ G-47 Trooper unfolds itself. 00629_ T-07 Excavator is excavating. 00641_ EXIT=FOUND: MATERIALS 00646_ Connecting with Terminal... 00646_ Current location identified: Mines >>Layout(Zone) Retrieving Zone 8R layout... Downloaded map data. PARAMETERS=UTILITY+2 LOCATION=MATERIALS GOAL=ESCAPE 00652_ Acquired Hpw. Shotgun. Map ----- +----------------------------------------------------+ | ?????????????????????????????????????????????? | | ?????????????????????????????????????????????? | | ?????????????????????????????????????????????? | | ?????????????????????????????????????????????? | | ?????????????????????????????????????????????? | | ?????????????????????????????????????????????? | | ?????????????????????????????????????????????? | | ?????????????????????????????????????????????? | | ?????????????????????????????????????????????? | | ?????????????????????????????????????????????? | | ?????????????????????????????????????????????? | | ?????????????????????????????????????????????? | | ?????????????????????????????????????????????? | | ?????????????????????????????????????????????? | | ?????????????????????????????????????????????? | | ?????????????????????????????????????????????? | | ?????????????????????????????????????????????? | | ?????????????????????????????????????????????? | | ?????????????????????????????????????????????? | | ?????????????????????????????????????????????? | | ?????????????????????????????????????????????? | | ?????????????????????????????????????????????? | | ?????????????????????????????????????????????? | | ???????????????????##########????????????????? | | ???????????????????# T #????????????????? | | ???????????????????+ """ @ #????????????????? | | ???????????????????# """ #????????????????? | | ???????????????????# """ #????????????????? | | ???????????????????# #????????????????? | | ???????????????????# """ #????????????????? | | ???????????????????# """ #????????????????? | | ???????????????????# """ #????????????????? | | ???????????????????# #????????????????? | | ????????????????# ######+######??????????????? | | ????????????????# #??????????????? | | ????????????????#+#### #??????????????? | | ?????????????????????+ #??????????????? | | ?????????????????????##########??????????????? | | ?????????????????????????????????????????????? | | ?????????????????????????????????????????????? | | ?????????????????????????????????????????????? | | | | | | | | | | | | | | | | | | | +----------------------------------------------------+ Best States ------------- Heat Dissipation 31 Energy Generation 12 Energy Capacity 265 Matter Stores 300 Matter Capacity 300 Sight Range 16 Terrain Scan Density 10 Evasion (%) 64 Item Schematics ----------------- None Robot Schematics ------------------ None Fabricated ------------ Nothing Repaired ---------- Nothing Studied --------- None Alien Tech Used ----------------- None Achievements -------------- None Challenges ------------ None Game ------ Seed QuantumPointClaw Manual? 0 Play Time 00:10:43 Cumulative 21.5 hours Start 2026.01.14 @ 20:25:58 End 2026.01.14 @ 20:36:33 Sessions 1 Manual Loads 0 Difficulty Rogue Special Mode None Game No. 54 Rogue 54 Adventurer 0 Explorer 0 Win Type - Total 0 Types 0/0/0/0/0/0/0/0/0/0 Lore% 13 Gallery% 22 Achievement% 16 Wizard Run 0 Options --------- Layout 0 ASCII 0 Keyboard 0 Movement Arrows Keybinds 0 Fullscreen 1 Font 18/SmallcapsGlow Map View 76x50 Zoom Use 0% Tactical HUD 1 Map Filters NONE Filters NONE Steam 1 RUN: 54bf6bbc-5ab7-455f-a96e-9cb8b647a152